| TOP OF THE 1ST |
|
Covington Blue Sox batting - Pitching for Waynesboro Braves : LHP Otis Green
|
|
Pitching: LHP Otis Green
|
|
|
Batting: RHB Douglas Palmer
|
0-0: Ball 1-0: Foul Ball, location: 2F 1-1: Ball 2-1: Ball 3-1: Called Strike 3-2: Strikes out swinging
|
|
Batting: RHB Kenneth Bodle
|
0-0: Fly out, F9 (Line Drive, 9, EV 97.5 MPH)
|
|
Batting: LHB Tito Nanni
|
0-0: Called Strike 0-1: Ball 1-1: Foul Ball, location: 2F 1-2: Ball 2-2: Ground out 4-3 (Groundball, 4, EV 86.9 MPH)
|
| Top of the 1st over - 0 runs, 0 hits, 0 errors, 0 left on base; Covington 0 - Waynesboro 0 |
| BOTTOM OF THE 1ST |
|
Waynesboro Braves batting - Pitching for Covington Blue Sox : RHP Jim Parke
|
|
Pitching: RHP Jim Parke
|
|
|
Batting: RHB Richie Carter
|
0-0: Called Strike 0-1: Ball 1-1: Foul Ball, location: 2F 1-2: Ball 2-2: Ground out 4-3 (Groundball, 4, EV 91.9 MPH)
|
|
Batting: RHB Sam Khalifa
|
0-0: Called Strike 0-1: Ground out 4-3 (Groundball, 4MS, EV 85.0 MPH)
|
|
Batting: RHB Gary Gill
|
0-0: Foul Ball, location: 2F 0-1: Swinging Strike 0-2: Foul Ball, location: 2F 0-2: Fly out, F8 (Flyball, 8LS, EV 95.0 MPH)
|
| Bottom of the 1st over - 0 runs, 0 hits, 0 errors, 0 left on base; Covington 0 - Waynesboro 0 |
| TOP OF THE 2ND |
|
Covington Blue Sox batting - Pitching for Waynesboro Braves : LHP Otis Green
|
|
Batting: RHB Francisco Batista
|
0-0: Called Strike 0-1: Fly out, F3 (Flyball, 3D, EV 90.0 MPH)
|
|
Batting: RHB William Hoff
|
0-0: Ground out 1-3 (Groundball, 34S, EV 73.8 MPH)
|
|
Batting: RHB Joseph Tarver
|
0-0: Ball 1-0: Foul Ball, location: 2F 1-1: Ground out 4-3 (Groundball, 4S, EV 65.6 MPH)
|
| Top of the 2nd over - 0 runs, 0 hits, 0 errors, 0 left on base; Covington 0 - Waynesboro 0 |
| BOTTOM OF THE 2ND |
|
Waynesboro Braves batting - Pitching for Covington Blue Sox : RHP Jim Parke
|
|
Batting: RHB Bob Calley
|
0-0: Ball 1-0: Ball 2-0: Ball 3-0: Called Strike 3-1: Called Strike 3-2: Ground out 5-3 (Groundball, 56, EV 103.8 MPH)
|
|
Batting: RHB Rey Palacios
|
0-0: Called Strike 0-1: Swinging Strike 0-2: Reached on error, E4 (Groundball, 4, EV 81.9 MPH)
|
|
Batting: RHB Roberto Carrero
|
0-0: Foul Ball, location: 2F 0-1: Fly out, F6 (Popup, 6S, EV 82.5 MPH)
|
|
Batting: RHB Juan Velazquez
|
0-0: Ball 1-0: Ball 2-0: SINGLE (Line Drive, 89S, EV 100.6 MPH) Rey Palacios to second Runner from 2nd tries for 3rd, SAFE, throw by RF made to third
|
|
Batting: RHB Thomas Walker
|
0-0: Ball 1-0: Called Strike 1-1: Swinging Strike 1-2: Ball 2-2: Ball 3-2: Fly out, F4 (Flyball, 34D, EV 90.6 MPH)
|
| Bottom of the 2nd over - 0 runs, 1 hit, 1 error, 2 left on base; Covington 0 - Waynesboro 0 |
| TOP OF THE 3RD |
|
Covington Blue Sox batting - Pitching for Waynesboro Braves : LHP Otis Green
|
|
Batting: RHB Bill White
|
0-0: Called Strike 0-1: Ball 1-1: Swinging Strike 1-2: Strikes out swinging
|
|
Batting: RHB Miguel Ortiz
|
0-0: Ground out 4-3 (Groundball, 4M, EV 93.1 MPH)
|
|
Batting: LHB John Young
|
0-0: Called Strike 0-1: Foul Ball, location: 2F 0-2: Ball 1-2: Ball 2-2: Strikes out swinging
|
| Top of the 3rd over - 0 runs, 0 hits, 0 errors, 0 left on base; Covington 0 - Waynesboro 0 |
| BOTTOM OF THE 3RD |
|
Waynesboro Braves batting - Pitching for Covington Blue Sox : RHP Jim Parke
|
|
Batting: RHB Andres Amoros
|
0-0: Ball 1-0: Called Strike 1-1: Foul Ball, location: 2F 1-2: Foul Ball, location: 2F 1-2: Foul Ball, location: 2F 1-2: Foul Ball, location: 2F 1-2: Foul Ball, location: 2F 1-2: Foul Ball, location: 2F 1-2: Ball 2-2: Ball 3-2: Foul Ball, location: 2F 3-2: Base on Balls
|
|
Batting: RHB Richie Carter
|
0-0: Ball 1-0: TRIPLE (Flyball, 7LD, EV 96.3 MPH) Andres Amoros scores
|
|
Batting: RHB Sam Khalifa
|
0-0: Ball 1-0: Ground out 1-3 (Groundball, 13, EV 75.0 MPH)
|
|
Batting: RHB Gary Gill
|
0-0: Swinging Strike 0-1: Foul Ball, location: 2F 0-2: Ball 1-2: Ball 2-2: SINGLE (Groundball, 34D, EV 97.5 MPH) Richie Carter scores
|
|
Batting: RHB Bob Calley
|
0-0: Ball 1-0: Foul Ball, location: 2F 1-1: Grounds into double play, 5-4-3 (Groundball, 56, EV 84.4 MPH)
|
| Bottom of the 3rd over - 2 runs, 2 hits, 0 errors, 0 left on base; Covington 0 - Waynesboro 2 |
| TOP OF THE 4TH |
|
Covington Blue Sox batting - Pitching for Waynesboro Braves : LHP Otis Green
|
|
Batting: RHB Douglas Palmer
|
0-0: Foul Ball, location: 2F 0-1: Ball 1-1: Ball 2-1: Called Strike 2-2: Foul Ball, location: 2F 2-2: Ground out U3 (Groundball, 34, EV 100.6 MPH)
|
|
Batting: RHB Kenneth Bodle
|
0-0: Ball 1-0: Ball 2-0: Called Strike 2-1: Fly out, F3 (Popup, 3SF, EV 76.3 MPH)
|
|
Batting: LHB Tito Nanni
|
0-0: Ground out 4-3 (Groundball, 4M, EV 87.5 MPH)
|
| Top of the 4th over - 0 runs, 0 hits, 0 errors, 0 left on base; Covington 0 - Waynesboro 2 |
| BOTTOM OF THE 4TH |
|
Waynesboro Braves batting - Pitching for Covington Blue Sox : RHP Jim Parke
|
|
Batting: RHB Rey Palacios
|
0-0: Called Strike 0-1: Called Strike 0-2: Foul Ball, location: 2F 0-2: Ball 1-2: Ball 2-2: Foul Ball, location: 2F 2-2: Fly out, F7 (Flyball, 7S, EV 85.6 MPH)
|
|
Batting: RHB Roberto Carrero
|
0-0: Ball 1-0: Called Strike 1-1: Ball 2-1: Ball 3-1: Base on Balls
|
|
Batting: RHB Juan Velazquez
|
0-0: Foul Ball, location: 2F 0-1: Foul Ball, location: 2F 0-2: Ground out 5-3 (Groundball, 56S, EV 68.8 MPH) Roberto Carrero to second
|
|
Batting: RHB Thomas Walker
|
0-0: Swinging Strike 0-1: Ball 1-1: Ground out 4-3 (Groundball, 4, EV 85.6 MPH)
|
| Bottom of the 4th over - 0 runs, 0 hits, 0 errors, 1 left on base; Covington 0 - Waynesboro 2 |
| TOP OF THE 5TH |
|
Covington Blue Sox batting - Pitching for Waynesboro Braves : LHP Otis Green
|
|
Batting: RHB Francisco Batista
|
0-0: Ball 1-0: Ball 2-0: Foul Ball, location: 2F 2-1: Ball 3-1: Base on Balls
|
|
Batting: RHB William Hoff
|
0-0: Ball 1-0: Foul Ball, location: 2F 1-1: Ball 2-1: Foul Ball, location: 2F 2-2: Ball 3-2: Foul Ball, location: 2F 3-2: Foul Ball, location: 2F 3-2: Base on Balls Francisco Batista to second
|
|
Batting: RHB Joseph Tarver
|
0-0: Called Strike 0-1: Foul Ball, location: 2F 0-2: Ball 1-2: Foul Ball, location: 2F 1-2: Ball 2-2: Strikes out swinging
|
|
Batting: RHB Bill White
|
0-0: Ball Francisco Batista steals 3rd base William Hoff to second 1-0: Called Strike 1-1: Swinging Strike 1-2: Foul Ball, location: 2F 1-2: Foul Ball, location: 2F 1-2: Strikes out swinging
|
|
Batting: RHB Miguel Ortiz
|
0-0: Foul Ball, location: 2F 0-1: Ball 1-1: Foul Ball, location: 2F 1-2: Fly out, F8 (Flyball, 8LXD, EV 101.3 MPH)
|
| Top of the 5th over - 0 runs, 0 hits, 0 errors, 2 left on base; Covington 0 - Waynesboro 2 |
| BOTTOM OF THE 5TH |
|
Waynesboro Braves batting - Pitching for Covington Blue Sox : RHP Jim Parke
|
|
Batting: RHB Andres Amoros
|
0-0: Called Strike 0-1: Ball 1-1: Swinging Strike 1-2: Ball 2-2: SOLO HOME RUN (Flyball, 78XD, EV 97.5 MPH), Distance : 432 ft
|
|
Batting: RHB Richie Carter
|
0-0: Called Strike 0-1: Called Strike 0-2: Foul Ball, location: 2F 0-2: Ground out 5-3 (Groundball, 25, EV 90.6 MPH)
|
|
Batting: RHB Sam Khalifa
|
0-0: Called Strike 0-1: Ball 1-1: Fly out, F5 (Popup, 5F, EV 60.6 MPH)
|
|
Batting: RHB Gary Gill
|
0-0: Foul Ball, location: 2F 0-1: Ball 1-1: Ball 2-1: Called Strike 2-2: Strikes out swinging
|
| Bottom of the 5th over - 1 run, 1 hit, 0 errors, 0 left on base; Covington 0 - Waynesboro 3 |
| TOP OF THE 6TH |
|
Covington Blue Sox batting - Pitching for Waynesboro Braves : LHP Otis Green
|
|
Batting: LHB John Young
|
0-0: Ball 1-0: Called Strike 1-1: Called Strike 1-2: Strikes out looking
|
|
Batting: RHB Douglas Palmer
|
0-0: Ball 1-0: Ball 2-0: Ground out 5-3 (Groundball, 5L, EV 80.6 MPH)
|
|
Batting: RHB Kenneth Bodle
|
0-0: Ball 1-0: Called Strike 1-1: Ball 2-1: Foul Ball, location: 2F 2-2: Ball 3-2: Base on Balls
|
|
Batting: LHB Tito Nanni
|
0-0: Ball Wild Pitch! Kenneth Bodle to second 1-0: Foul Ball, location: 2F 1-1: Ball 2-1: SINGLE (Line Drive, 56, EV 106.9 MPH) Kenneth Bodle to third Runner from 3rd tries for Home, SAFE, throw by LF to home
|
|
Batting: RHB Francisco Batista
|
0-0: Foul Ball, location: 2F 0-1: Ball 1-1: SINGLE (Flyball, 34D, EV 87.5 MPH) Tito Nanni to second Runner from 2nd tries for 3rd, SAFE, throw by RF made to third
|
|
Batting: RHB William Hoff
|
0-0: Called Strike 0-1: Ball 1-1: Swinging Strike 1-2: Foul Ball, location: 2F 1-2: Fly out, F4 (Flyball, 34D, EV 88.1 MPH)
|
| Top of the 6th over - 1 run, 2 hits, 0 errors, 2 left on base; Covington 1 - Waynesboro 3 |
| BOTTOM OF THE 6TH |
|
Waynesboro Braves batting - Pitching for Covington Blue Sox : RHP Jim Parke
|
|
Batting: RHB Bob Calley
|
0-0: Called Strike 0-1: Ball 1-1: Ball 2-1: Called Strike 2-2: Foul Ball, location: 2F 2-2: Ball 3-2: Fly out, F8 (Line Drive, 8RD, EV 100.0 MPH)
|
|
Batting: RHB Rey Palacios
|
0-0: Called Strike 0-1: Ball 1-1: Called Strike 1-2: Ball 2-2: Reached on error, E6 (Groundball, 6, EV 81.9 MPH)
|
|
Batting: RHB Roberto Carrero
|
0-0: Ball 1-0: Ball 2-0: SINGLE (Groundball, 5S, EV 69.4 MPH) (infield hit) Rey Palacios to second
|
|
Batting: RHB Juan Velazquez
|
0-0: Ball 1-0: Fly out, F7 (Flyball, 7LS, EV 96.9 MPH)
|
|
Batting: RHB Thomas Walker
|
0-0: Ball 1-0: Ground out 3-1 (Groundball, 13, EV 90.0 MPH)
|
| Bottom of the 6th over - 0 runs, 1 hit, 1 error, 2 left on base; Covington 1 - Waynesboro 3 |
| TOP OF THE 7TH |
|
Covington Blue Sox batting - Pitching for Waynesboro Braves : LHP Otis Green
|
|
Batting: RHB Joseph Tarver
|
0-0: Fly out, F9 (Flyball, 9LM, EV 83.8 MPH)
|
|
Batting: RHB Bill White
|
0-0: Ball 1-0: Ball 2-0: Ball 3-0: Called Strike 3-1: Base on Balls
|
|
Pitching: RHP Mike Norment
|
|
|
Batting: RHB Miguel Ortiz
|
0-0: Ball 1-0: Foul Ball, location: 2F 1-1: Foul Ball, location: 2F 1-2: Ball 2-2: Ball 3-2: TRIPLE (Line Drive, 89XD, EV 102.5 MPH) Bill White scores
|
|
Batting: LHB John Young
|
0-0: Ball 1-0: Foul Ball, location: 2F 1-1: Ball 2-1: Ball 3-1: Base on Balls
|
|
Batting: RHB Douglas Palmer
|
0-0: Called Strike 0-1: Ball 1-1: Fly out, F8 (Flyball, 89M, EV 94.4 MPH) Runner from 3rd tags up, SCORES, throw by CF
|
|
Batting: RHB Kenneth Bodle
|
0-0: Ball 1-0: Ball 2-0: Ball Wild Pitch! John Young to second 3-0: Base on Balls
|
|
Batting: LHB Tito Nanni
|
0-0: Called Strike 0-1: Called Strike 0-2: Ball Wild Pitch! John Young to third Kenneth Bodle to second 1-2: DOUBLE (Line Drive, 9LS, EV 101.9 MPH) John Young scores Kenneth Bodle scores
|
|
Batting: RHB Francisco Batista
|
0-0: Foul Ball, location: 2F 0-1: Foul Ball, location: 2F 0-2: Ball 1-2: Foul Ball, location: 2F 1-2: Foul Ball, location: 2F 1-2: Foul Ball, location: 2F 1-2: Ball 2-2: Foul Ball, location: 2F 2-2: SINGLE (Line Drive, 9S, EV 104.4 MPH) Tito Nanni to third Runner from 3rd tries for Home, SAFE, throw by RF to home
|
|
Batting: RHB William Hoff
|
0-0: Called Strike 0-1: Ball 1-1: Ball 2-1: Foul Ball, location: 2F 2-2: Fly out, F7 (Flyball, 78D, EV 98.8 MPH)
|
| Top of the 7th over - 5 runs, 3 hits, 0 errors, 1 left on base; Covington 6 - Waynesboro 3 |
| BOTTOM OF THE 7TH |
|
Waynesboro Braves batting - Pitching for Covington Blue Sox : RHP Jim Parke
|
|
Batting: RHB Andres Amoros
|
0-0: Ball 1-0: Ball 2-0: Ball 3-0: Base on Balls
|
|
Batting: RHB Richie Carter
|
0-0: Fly out, F8 (Flyball, 78S, EV 78.1 MPH)
|
|
Batting: RHB Sam Khalifa
|
0-0: Fly out, F9 (Line Drive, 9, EV 108.8 MPH)
|
|
Batting: RHB Gary Gill
|
0-0: Ball 1-0: Called Strike 1-1: Reached on error, E4 (Groundball, 4, EV 101.3 MPH) Andres Amoros to third
|
|
Batting: RHB Bob Calley
|
0-0: Ground out 5-3 (Groundball, 56, EV 96.3 MPH)
|
| Bottom of the 7th over - 0 runs, 0 hits, 1 error, 2 left on base; Covington 6 - Waynesboro 3 |
| TOP OF THE 8TH |
|
Covington Blue Sox batting - Pitching for Waynesboro Braves : RHP Mike Norment
|
|
Batting: RHB Joseph Tarver
|
0-0: Ground out 4-3 (Groundball, 4, EV 103.8 MPH)
|
|
Batting: RHB Bill White
|
0-0: Ball 1-0: Called Strike 1-1: Ball 2-1: Foul Ball, location: 2F 2-2: SINGLE (Line Drive, 78S, EV 95.0 MPH)
|
|
Batting: RHB Miguel Ortiz
|
0-0: Ball 1-0: Grounds into double play, 6-4-3 (Groundball, 56, EV 90.6 MPH)
|
| Top of the 8th over - 0 runs, 1 hit, 0 errors, 0 left on base; Covington 6 - Waynesboro 3 |
| BOTTOM OF THE 8TH |
|
Waynesboro Braves batting - Pitching for Covington Blue Sox : RHP Jim Parke
|
|
Batting: RHB Rey Palacios
|
0-0: Ball 1-0: Ground out 6-3 (Groundball, 56, EV 106.3 MPH)
|
|
Batting: RHB Roberto Carrero
|
0-0: Called Strike 0-1: SINGLE (Line Drive, 56, EV 104.4 MPH)
|
|
Batting: RHB Juan Velazquez
|
0-0: Ball 1-0: Foul Ball, location: 2F 1-1: Called Strike 1-2: Strikes out swinging
|
|
Batting: RHB Thomas Walker
|
0-0: Ball 1-0: Foul Ball, location: 2F 1-1: Ball 2-1: Swinging Strike 2-2: Ball 3-2: SINGLE (Groundball, 56D, EV 104.4 MPH) Roberto Carrero to second Roberto Carrero to third
|
|
Batting: RHB Andres Amoros
|
0-0: Called Strike 0-1: Called Strike 0-2: Strikes out swinging
|
| Bottom of the 8th over - 0 runs, 2 hits, 0 errors, 2 left on base; Covington 6 - Waynesboro 3 |
| TOP OF THE 9TH |
|
Covington Blue Sox batting - Pitching for Waynesboro Braves : RHP Mike Norment
|
|
Batting: LHB John Young
|
0-0: Foul Ball, location: 2F 0-1: Called Strike 0-2: Ball 1-2: Fly out, F7 (Flyball, 7S, EV 84.4 MPH)
|
|
Batting: RHB Douglas Palmer
|
0-0: Called Strike 0-1: Ball 1-1: Ball 2-1: Foul Ball, location: 2F 2-2: Reached on error, E5 (Groundball, 56, EV 110.6 MPH)
|
|
Batting: RHB Kenneth Bodle
|
0-0: Ball Douglas Palmer is caught stealing 3rd base 2-5 1-0: Foul Ball, location: 2F 1-1: Ground out 6-3 (Groundball, 6, EV 103.8 MPH)
|
| Top of the 9th over - 0 runs, 0 hits, 1 error, 0 left on base; Covington 6 - Waynesboro 3 |
| BOTTOM OF THE 9TH |
|
Waynesboro Braves batting - Pitching for Covington Blue Sox : RHP Jim Parke
|
|
Batting: RHB Richie Carter
|
0-0: Fly out, F6 (Flyball, 6D, EV 87.5 MPH)
|
|
Batting: RHB Sam Khalifa
|
0-0: Called Strike 0-1: Ball 1-1: Ball 2-1: Ball 3-1: Ground out 1-3 (Groundball, 13, EV 68.8 MPH)
|
|
Batting: RHB Gary Gill
|
0-0: Ball 1-0: Ball 2-0: Ball 3-0: Called Strike 3-1: Called Strike 3-2: Strikes out swinging
|
| Bottom of the 9th over - 0 runs, 0 hits, 0 errors, 0 left on base; Covington 6 - Waynesboro 3 |
|